 Dungeon Crawl Stone Soup version 0.21.1-1-g345015f (webtiles) character file.

805 Fang the Chopper (level 7, -2/44 HPs)
             Began as a Gargoyle Berserker on June 20, 2018.
             Was an Elder of Trog.
             Slain by a centaur (7 damage)
             ... on level 5 of the Dungeon.
             The game lasted 00:06:06 (4108 turns).

Fang the Chopper (Gargoyle Berserker)               Turns: 4108, Time: 00:06:07

Health: -2/44      AC:  9    Str: 22    XL:     7   Next: 91%
Magic:  7/7        EV: 13    Int:  8    God:    Trog [****..]
Gold:   155        SH:  0    Dex:  9    Spells: 6/6 levels left

rFire    . . .     SeeInvis +   o - +1 hand axe (chop)
rCold    . . .     Gourm    .   (no shield)
rNeg     + . .     Faith    .   F - +2 robe {MR+}
rPois    ∞         Spirit   .   (no helmet)
rElec    +         Reflect  .   (no cloak)
rCorr    .         Harm     .   (no gloves)
MR       +....                  (no boots)
Stlth    +++.......             B - amulet of magic regeneration
HPRegen  0.14/turn              j - ring of see invisible
MPRegen  0.35/turn              k - ring of stealth

@: berserk cooldown, slowed, very slow
A: negative energy resistance 1, electricity resistance, unbreathing,
petrification resistance, rot immunity, AC +4
a: Berserk, Trog's Hand, Brothers in Arms, Burn Spellbooks, Renounce Religion


You were on level 5 of the Dungeon.
You worshipped Trog.
Trog was greatly pleased with you.
You were very hungry.

You visited 1 branch of the dungeon, and saw 5 of its levels.

You collected 155 gold pieces.

Inventory:

Hand Weapons
 a - a +0 hand axe
 o - a +1 hand axe of chopping (weapon)
Armour
 n - a +2 leather armour of cold resistance
 p - a +4 chain mail of positive energy
 F - a +2 robe of magic resistance (worn)
Jewellery
 j - a ring of see invisible (left hand)
 k - a ring of stealth (right hand)
 B - an amulet of magic regeneration (around neck)
Wands
 z - a wand of enslavement (14)
 D - a wand of random effects (15)
Scrolls
 b - a scroll of fog {unknown}
 e - 4 scrolls of teleportation {unknown}
 f - 3 scrolls of fear {unknown}
 g - 6 scrolls of identify {unknown}
 h - 6 scrolls of enchant armour {unknown}
 m - 2 scrolls of immolation {unknown}
 r - 5 scrolls of remove curse {unknown}
 s - a scroll of random uselessness {unknown}
 y - 4 scrolls of amnesia {unknown}
 E - a scroll of magic mapping {unknown}
Potions
 d - a potion of invisibility {unknown}
 i - a potion of ambrosia {unknown}
 l - a potion of degeneration {unknown}
 q - a potion of mutation {unknown}
 t - a potion of might {unknown}
 u - 2 potions of flight {unknown}
 v - 2 potions of magic {unknown}
 w - a potion of brilliance {unknown}
 x - a potion of haste {unknown}
 C - 2 potions of lignification {unknown}
Comestibles
 c - 9 rations


   Skills:
 + Level 5.0 Fighting
 + Level 6.0 Axes
 + Level 3.1 Armour
 + Level 3.2 Dodging
 + Level 3.4 Stealth


You had 6 spell levels left.
You didn't know any spells.

Dungeon Overview and Level Annotations

Branches:
Dungeon (5/15)
 Temple: D:4-7

Altars:
Ashenzari
Dithmenos
Hepliaklqana
Nemelex Xobeh
Qazlal
Sif Muna
Trog
Vehumet
Zin

Shops:
D:4 ?


Innate Abilities, Weirdness & Mutations

You are resistant to torment.
Your stone body is resilient. (AC +4)
You are immune to poison.
You resist negative energy. (rN+)
You are resistant to electric shocks. (rElec)
You can survive without breathing.
You are immune to petrification.
You are immune to rotting.


Message History

A water moccasin zombie comes into view.
You feel better. The centaur barely misses you. The centaur hits you.
* * * LOW HITPOINT WARNING * * *
The ooze hits you.
* * * LOW HITPOINT WARNING * * *
You feel better.
The centaur hits you but does no damage.
The ooze hits you but does no damage. The centaur hits you.
* * * LOW HITPOINT WARNING * * *
The water moccasin zombie bites you but does no damage.
The ooze hits you but does no damage.
An orc priest comes into view. It is wielding a whip.
You barely miss the centaur.
The centaur is severely wounded.
You barely miss the water moccasin zombie.
The orc priest shouts!
You hit the ooze.
You hear a shout!
The centaur hits you!
You die...

#.# ##.#### #####
#.###### !......
..... ........
.......##...##
#.######
.......#.....## #.#
..............###.#
...>..........##.#
##....[......#.#
####
#..J@..........#
#...
.o..#.Zc........#.#
#.## .
##...(((....#.# #.#
##.........#.###.#
##......(.#.....#
#......(.#######
#...###### #...#
#...#


You could see a centaur, an orc priest, an ooze and a water moccasin zombie.

Vanquished Creatures
  An ogre (D:4)
  A centaur (D:3)
  A scorpion (D:4)
  A hound (D:4)
  A bullfrog zombie (D:5)
  2 orc priests (D:3)
  3 iguanas (D:4)
  7 orc wizards
  Terence (D:3)
  5 adders
  2 oozes
  A worm (D:3)
  3 dart slugs
  5 leopard geckos
  21 orcs
  2 ball pythons
  6 bats
  5 giant cockroaches
  7 goblins
  5 hobgoblins
  4 jackals (D:2)
  10 kobolds
  4 quokkas
  5 frilled lizards
  15 rats
118 creatures vanquished.

Notes
Turn   | Place    | Note
-------+----------+-------------------------------------------
     0 | D:1      | Fang the Gargoyle Berserker began the quest for the Orb.
     0 | D:1      | Reached XP level 1. HP: 14/14 MP: 1/1
    56 | D:1      | Reached XP level 2. HP: 18/19 MP: 2/2
   199 | D:1      | Reached skill level 3 in Axes
   474 | D:2      | Reached XP level 3. HP: 13/24 MP: 3/3
   704 | D:2      | Reached ** piety under Trog
   723 | D:2      | Found a shadowy altar of Dithmenos.
  1120 | D:2      | Found a sparkling altar of Nemelex Xobeh.
  1122 | D:2      | Found a shattered altar of Ashenzari.
  1125 | D:2      | Found a glowing silver altar of Zin.
  1126 | D:2      | Found a hazy altar of Hepliaklqana.
  1126 | D:2      | Found a deep blue altar of Sif Muna.
  1126 | D:2      | Found a radiant altar of Vehumet.
  1136 | D:2      | Found a stormy altar of Qazlal.
  1190 | D:3      | Reached XP level 4. HP: 29/29 MP: 4/4
  1198 | D:3      | Noticed Terence
  1214 | D:3      | Killed Terence
  1244 | D:3      | Noticed a centaur
  1284 | D:3      | Killed a centaur
  1284 | D:3      | Reached skill level 4 in Axes
  1284 | D:3      | Reached skill level 1 in Stealth
  1284 | D:3      | Reached XP level 5. HP: 33/33 MP: 5/5
  1522 | D:3      | Found a bloodstained altar of Trog.
  1535 | D:3      | Reached XP level 6. HP: 18/39 MP: 6/6
  1824 | D:3      | Reached *** piety under Trog
  2338 | D:4      | Reached skill level 5 in Axes
  2618 | D:4      | Reached XP level 7. HP: 44/44 MP: 7/7
  2687 | D:4      | Found Lossi's Magic Scroll Emporium.
  3750 | D:5      | Entered Level 5 of the Dungeon
  3782 | D:5      | Reached skill level 6 in Axes
  3958 | D:5      | Reached **** piety under Trog
  4103 | D:5      | Reached skill level 5 in Fighting
  4105 | D:5      | HP: 1/44 [centaur (6)]
  4108 | D:5      | Slain by a centaur

Skill      XL: |  1  2  3  4  5  6  7 |
---------------+----------------------+-----
Axes           | 3 4 5 6 |  6.0
Dodging        | 2 3 |  3.2
Fighting       | 4 5 |  5.0
Stealth        | 1 2 3 |  3.4
Armour         | 3 |  3.1

Action                   |  1- 3 |  4- 6 |  7- 9 || total
-------------------------+-------+-------+-------++-------
Melee: Hand axe          |   136 |   135 |   107 ||   378
Invok: Berserk           |       |     6 |     3 ||     9
  Use: Potion            |       |       |     2 ||     2
 Stab: Sleeping          |     1 |     7 |     5 ||    13
  Eat: Chunk             |       |    11 |     7 ||    18
Armor: Animal skin       |    39 |       |       ||    39
       Leather armour    |     5 |    47 |    31 ||    83
       Chain mail        |       |     4 |       ||     4
       Robe              |       |       |    11 ||    11
Dodge: Dodged            |   101 |    77 |    78 ||   256
